 Dungeon Crawl Stone Soup version 0.26-a0-651-gb41185065b (webtiles) character file.

Game seed: 9618765463290900803

86 dtynewydd the Chopper (level 4, -6/41 HPs)
             Began as a Hill Orc Monk on Oct 6, 2020.
             Splashed by a jelly's acid (9 damage)
             ... on level 2 of the Dungeon.
             The game lasted 00:03:56 (1539 turns).

dtynewydd the Chopper (Hill Orc Monk)               Turns: 1539, Time: 00:03:57

Health: -6/41      AC: -2    Str: 11 (14) XL:     4   Next: 50%
Magic:  4/4        EV:  5    Int:  8 (10) God:
Gold:   155        SH:  0    Dex: 12 (13) Spells: 3/3 levels left

rFire    . . .     SeeInvis .   a - +0 hand axe
rCold    . . .     Faith    .   (no shield)
rNeg     . . .     Spirit   .   d - +0 chain mail
rPois    .         Reflect  .   i - +0 helmet
rElec    .         Harm     .   (no cloak)
rCorr    .         Rampage  .   (no gloves)
MR       .....                  (no boots)
Stlth    ..........             (no amulet)
HPRegen  0.13/turn              (no ring)
MPRegen  0.09/turn              (no ring)

@: corroded, hasted, very quick
A: no striking features
a: no special abilities


You were on level 2 of the Dungeon.
You visited 1 branch of the dungeon, and saw 2 of its levels.

You collected 155 gold pieces.

Inventory:

Hand Weapons
 a - a +0 hand axe (weapon)
Missiles
 e - 43 stones (quivered)
Armour
 b - a +0 robe
 d - a +0 chain mail (worn)
 i - a +0 helmet (worn)
Jewellery
 l - an uncursed ring of magical power {unknown}
Scrolls
 f - 3 scrolls of identify {unknown}
 g - 2 scrolls of remove curse {unknown}
 h - 2 scrolls of amnesia {unknown}
 n - a scroll of magic mapping {unknown}
Potions
 k - a potion of might {unknown}
 m - a potion of stabbing {unknown}
 o - a potion of heal wounds {unknown}


   Skills:
 + Level 4.3 Fighting
 * Level 5.6 Axes
 + Level 1.9 Armour
 - Level 2.4 Dodging
 - Level 1.5 Stealth


You had 3 spell levels left.
You didn't know any spells.
Your spell library was empty.

Dungeon Overview and Level Annotations

Branches:
Dungeon (2/15)

Altars:
Zin


Message History

The jelly hits you but does no damage.
You hit the jelly. The acid corrodes you!
Your hands burn!
The jelly is moderately wounded.
The jelly hits you.
You are splashed with acid!
You hit the jelly. The acid corrodes you!
Your hands burn!
* * * LOW HITPOINT WARNING * * *
The jelly is moderately wounded.
The jelly hits you.
* * * LOW HITPOINT WARNING * * *
You are splashed with acid.
* * * LOW HITPOINT WARNING * * *
It was a potion of haste.
You feel yourself speed up. The jelly barely misses you.
It was a potion of degeneration.
There was something very wrong with that liquid.
You feel weakened.
You feel dopey.
You feel clumsy. The jelly hits you.
* * * LOW HITPOINT WARNING * * *
The acid corrodes you!
You are splashed with acid!
You die...

####...######.###..####.#.#####
.......'.....................>#
.......######.........#....####
###....# ##############.#
#....# ########.#
##.#############.÷÷.÷.##.#
#)####..)...##J..J.PP##.#
#..##.......#J#J.....##.# #
#..'........#@#P.J...##.# #
#..'........#.#JJ....##.# #
#..'......#'#)#J.P...##.#
####..##.....#.#.#.....÷##.#
#.....###....#.#.#.P÷P..##.#
#.....#########.##.....?##.#
#......########## #.#
#...†#...[...## ##########.#
.....#######..###..........#


You could see a jelly and an ooze.

Vanquished Creatures
  2 adders (D:2)
  An ooze (D:2)
  2 worms (D:2)
  2 dart slugs
  A leopard gecko (D:1)
  12 goblins
  4 hobgoblins
  4 jackals (D:1)
  A ball python (D:2)
  4 bats (D:1)
  2 frilled lizards
  11 kobolds
  8 rats
54 creatures vanquished.

Vanquished Creatures (others)
  A fungus (D:2)
  10 toadstools (D:2)
11 creatures vanquished.

Grand Total: 65 creatures vanquished

Notes
Turn   | Place    | Note
-------+----------+-------------------------------------------
     0 | D:1      | dtynewydd the Hill Orc Monk began the quest for the Orb.
     0 | D:1      | Reached XP level 1. HP: 19/19 MP: 1/1
   298 | D:1      | Reached XP level 2. HP: 27/27 MP: 2/2
   476 | D:1      | Reached skill level 1 in Armour
   640 | D:1      | Reached XP level 3. HP: 33/33 MP: 3/3
   917 | D:2      | Found a glowing silver altar of Zin.
   921 | D:2      | Reached skill level 5 in Axes
  1087 | D:2      | Reached XP level 4. HP: 40/40 MP: 4/4
  1539 | D:2      | Splashed by a jelly's acid

Illustrated notes

Levels and vault maps discovered:
D:1:      dpeg_arrival_ratfight, layout_loops_cross, moated_statue, hex_large
D:2:      cheibrodos_fertilizer, layout_basic, old_standard_altar

Skill      XL: |  1  2  3 |
---------------+----------+-----
Armour         | 1 |  1.9
Fighting       | 4 |  4.3
Axes           | 5 |  5.6
Dodging        | |  2.4
Stealth        | |  1.5

Action                   |  1- 3 |  4- 6 || total
-------------------------+-------+-------++-------
Melee: Hand axe          |   123 |    57 ||   180
Throw: Stone             |     8 |       ||     8
  Use: Potion            |       |     2 ||     2
Armor: Chain mail        |    68 |    27 ||    95
Dodge: Dodged            |    46 |    18 ||    64

Table legend: (Time is in decaauts)
 A = Elapsed time spent in this place.
 B = Non-inter-level travel time spent in this place.
 C = Inter-level travel time spent in this place.
 D = Time resting spent in this place.
 E = Time spent auto-exploring this place.
 F = Levels seen in this place.
 G = Mean time per level.
                   A        B        C        D        E       F      G
               +--------+--------+--------+--------+--------+-----+--------+
         Total |   1549 |   1524 |     25 |      0 |   1165 |   2 |  774.5 |
       Dungeon |   1549 |   1524 |     25 |      0 |   1165 |   2 |  774.5 |
               +--------+--------+--------+--------+--------+-----+--------+

Top non-repeatable levels by time:
     D:1: 922 daAuts
     D:2: 626 daAuts
